 Seeded DCSS version 0.29-a0-371-g91724d5b39 (webtiles) character file.

Game seed: 3853640191977401903 (custom seed)

144035 zeratav the Sharpshooter (level 17, -12/115 HPs)
             Began as a Tengu Hunter on May 2, 2022.
             Was an Initiate of Gozag.
             Mangled by a +0 glaive of flaming (33 damage)
             ... animated by Zenata
             ... on level 1 of the Elven Halls.
             The game lasted 01:04:16 (25697 turns).

zeratav the Sharpshooter (Tengu Hunter)            Turns: 25697, Time: 01:04:17

Health: -12/115    AC:  9    Str: 15    XL:     17   Next: 9%
Magic:  27/27      EV: 43    Int: 11    God:    Gozag
Gold:   9745       SH:  5    Dex: 42    Spells: 16/16 levels left

rFire   + . .      SeeInvis .   f - +5 arbalest "Dyshel" {vorpal, rElec Dex+2, crossbow}
rCold   + . .      Faith    .   (shield currently unavailable)
rNeg    . . .      Spirit   .   Q - +2 robe {rC+ rF+}
rPois   +          Reflect  +   X - +1 hat {Will+}
rElec   +          Harm     .   P - +1 cloak "Plog" {Regen+}
rCorr   +          Rampage  .   Z - +0 pair of gloves
Will    +++..                   (boots unavailable)
Stlth   +++.......              a - amulet of reflection
HPRegen 1.09/turn               h - ring "Wiompeokh" {Str+4 Dex+6}
MPRegen 0.20/turn               b - ring of Immorality {rPois Will+ rCorr MP+9 Dex+9}

@: about to teleport, flying quickly and evasively, hasted, very quick
A: beak, talons 3, nimble flight
}: 1/15 runes: barnacled
a: Renounce Religion, Potion Petition, Call Merchant, Bribe Branch


You were on level 1 of the Elven Halls.
You worshipped Gozag.
Gozag was greatly pleased with you.
You visited 5 branches of the dungeon, and saw 24 of its levels.
You also visited: Sewer, Bailey and Ice Cave.

You collected 13123 gold pieces.
You spent 627 gold pieces at shops.
You paid 2751 gold pieces to Gozag.


Innate Abilities, Weirdness & Mutations

You have a beak for a mouth.
You have claws for feet.
Your magical nature lets you fly swiftly and evasively.


   Skills:
 - Level 16.0 Fighting
 - Level 16.0 Crossbows
 - Level 10.0 Armour
 + Level 15.1 Dodging
 - Level 1.0 Stealth
 - Level 15.0 Evocations


You had 16 spell levels left.
You didn't know any spells.
Your spell library contained the following spells:

 Spells                   Type           Power      Damage    Failure   Level
 Foxfire                  Conj/Fire      0%         2x1d4     34%         1
 Freeze                   Ice            0%         1d3       34%         1
 Magic Dart               Conj           0%         1d3       34%         1
 Shock                    Conj/Air       0%         1d3       34%         1
 Ensorcelled Hibernation  Hex/Ice        0%         N/A       47%         2
 Searing Ray              Conj           0%         2d4       47%         2
 Sublimation of Blood     Necr           0%         N/A       47%         2
 Wereblood                Tmut           0%         N/A       47%         2
 Conjure Flame            Conj/Fire      0%         6-21      71%         3
 Frozen Ramparts          Ice            0%         1d2       71%         3
 Gell's Gravitas          Tloc           0%         N/A       71%         3
 Ignite Poison            Fire/Tmut/Pois 0%         N/A       71%         3
 Inner Flame              Hex/Fire       0%         N/A       71%         3
 Lesser Beckoning         Tloc           0%         N/A       71%         3
 Ozocubu's Armour         Ice            0%         N/A       71%         3
 Portal Projectile        Hex/Tloc       0%         N/A       71%         3
 Spider Form              Tmut/Pois      0%         N/A       71%         3
 Stone Arrow              Conj/Erth      0%         3d7       71%         3
 Swiftness                Air            0%         N/A       71%         3
 Teleport Other           Tloc           0%         N/A       71%         3
 Airstrike                Air            0%         N/A       98%         4
 Anguish                  Hex/Necr       0%         N/A       98%         4
 Animate Armour           Summ/Erth      0%         N/A       98%         4
 Flame Wave               Conj/Fire      0%         2d4       98%         4
 Fulminant Prism          Conj/Hex       0%         3d6       98%         4
 Hailstorm                Conj/Ice       0%         3d3       98%         4
 Ice Form                 Ice/Tmut       0%         N/A       98%         4
 Sticky Flame             Conj/Fire      0%         2d3       98%         4
 Blade Hands              Tmut           0%         N/A       100%        5
 Excruciating Wounds      Necr           0%         N/A       100%        5
 Summon Forest            Summ/Tloc      0%         N/A       100%        5
 Summon Mana Viper        Hex/Summ       0%         N/A       100%        5
 Iron Shot                Conj/Erth      0%         9d1       100%        6
 Summon Cactus Giant      Summ           0%         N/A       100%        6
 Summon Hydra             Summ           0%         N/A       100%        7
 Lehudib's Crystal Spear  Conj/Erth      0%         10d2      100%        8

Inventory:

Hand Weapons
 f - the +5 arbalest "Dyshel" (weapon) {vorpal, rElec Dex+2, crossbow}
   (You bought it in a shop on level 1 of the Dungeon)

   Any ammunition fired from it inflicts extra damage upon your enemies.
   Dex:       It affects your dexterity (+2).
   rElec:     It insulates you from electricity.
 n - the +7 captain's cutlass {speed, disarm}
   (You found it on level 1 of the Shoals)

   Attacks with this weapon are significantly faster.
   It may disarm weapon-wielding foes when striking them, dealing extra damage
   in the process.
Armour
 o - a +0 ring mail
   (You found it on level 1 of the Elven Halls)
 L - a +1 cloak of cold resistance
   (You found it in an ice cave)
 P - the +1 cloak "Plog" (worn) {Regen+}
   (You found it on level 2 of the Lair of Beasts)

   Regen:     It increases your rate of health regeneration.
 Q - a +2 robe of resistance (worn)
   (You found it in an ice cave)
 X - a +1 hat of willpower (worn)
   (You took it off Gastronok on level 2 of the Lair of Beasts)
 Z - a +0 pair of gloves (worn)
   (You found it on level 3 of the Lair of Beasts)
Jewellery
 a - an amulet of reflection (around neck)
   (You took it off a kobold on level 8 of the Dungeon)
 b - the ring of Immorality (right hand) {rPois Will+ rCorr MP+9 Dex+9}
   (You found it on level 4 of the Shoals)

   [ring of poison resistance]

   Dex:       It affects your dexterity (+9).
   rPois:     It protects you from poison.
   MP:        It affects your magic capacity (+9).
   rCorr:     It protects you from acid and corrosion.
   Will:      It increases your willpower.
 h - the ring "Wiompeokh" (left hand) {Str+4 Dex+6}
   (You acquired it on level 1 of the Dungeon)

   [ring of dexterity]

   Str:       It affects your strength (+4).
   Dex:       It affects your dexterity (+6).
 r - a ring of protection from fire
   (You found it on level 5 of the Lair of Beasts)
 E - a +4 ring of protection
   (You found it on level 4 of the Shoals)
Wands
 e - a wand of iceblast (3)
   (You found it on level 10 of the Dungeon)
 m - a wand of paralysis (8)
   (You took it off a centaur on level 10 of the Dungeon)
 y - a wand of acid (10)
   (You found it on level 9 of the Dungeon)
 H - a wand of charming (4)
   (You took it off Psyche on level 11 of the Dungeon)
 N - a wand of polymorph (14)
   (You found it in a bailey)
 O - a wand of digging (10)
   (You found it on level 3 of the Lair of Beasts)
 T - a wand of flame (47)
   (You found it on level 6 of the Dungeon)
Scrolls
 c - 5 scrolls of immolation {!r!r}
 d - 3 scrolls of magic mapping {!r}
 g - 6 scrolls of enchant weapon
 k - 9 scrolls of teleportation {@r4}
 q - 3 scrolls of fog
 s - 3 scrolls of vulnerability {!r!r}
 t - 7 scrolls of amnesia
 C - 4 scrolls of fear
 I - 3 scrolls of holy word
 M - 3 scrolls of silence {!r}
 S - 2 scrolls of enchant armour
Potions
 j - 3 potions of invisibility
 l - 2 potions of brilliance
 u - 5 potions of might
 v - a potion of attraction {!q}
 w - 6 potions of haste {@q3}
 x - 5 potions of magic
 z - 5 potions of mutation {!q}
 A - 2 potions of cancellation
 B - 2 potions of resistance
 J - 4 potions of ambrosia
 K - 9 potions of curing {@q1}
 Y - 2 potions of berserk rage {!q}
Miscellaneous
 i - a condenser vane (inert)
   (You found it on level 11 of the Dungeon)
 R - a phial of floods (inert)
   (You found it on level 4 of the Shoals)

Dungeon Overview and Level Annotations

Branches:
Dungeon (12/15)            Temple (0/1) D:6            Lair (5/6) D:11
 Shoals (4/4) Lair:3       Spider (0/4) Lair:4        Slime (0/5) Lair:5
    Orc (2/2) D:10            Elf (1/3) Orc:2         Sewer (visited)
 Bailey (visited)           IceCv (visited)

Altars:
Ashenzari
Cheibriados
Elyvilon
Fedhas
Gozag
Kikubaaqudgha
Makhleb
Nemelex Xobeh
Okawaru
Ru
Vehumet
Wu Jian
Zin
Beogh
Jiyva

Shops:
D:1 (([!   D:2 !   D:5 (   D:10 ?   D:11 *   Orc:1 [   Orc:2 !:(?(*   Elf:1 *

Annotations:
D:3 3 runed translucent doors, domi's ghost, amateur DsWz
D:5 1 runed translucent door, Crazy Yiuf
D:6 1 runed translucent door
Lair:5 2 transporters, Antichthon's ghost, journeyman GrFi
Shoals:4 2 transporters, Atlas's ghost, adept DgEE
Elf:1 Zenata

..## ###...### ...#+
###.......### ....##
#.....P.....# (....#
#...........#
.....#####...........#
.....'...∩(....8.....#
....#####...P.....P..#
...'## ##.a.(.(.....#
..##.## #...(((@....#
#'###.## ###...(...'##
#.# ##.#######...###.##
#.# ##.##...#####
##.####+## #.# ##'.....##
##.##...## #.#
##.......## ##'.....##
#.#
#......)..#######.......#
#'###
#.........'.....+.......#
....#
#......(..#######.......#


You could see Zenata (fast) and 7 dancing weapons.


Message History

The +4 dire flail of holy wrath completely misses you. x2
Zenata drinks a potion.
Zenata seems to speed up.
The +4 dire flail of holy wrath completely misses you.
There is an entrance to Anunkoso's Assorted Antiques here.
HP[+1]
The +4 dire flail of holy wrath completely misses you.
HP[+1] [a] - 300 gold - heal wounds and berserk rage [b] - 315 gold - haste and heal wounds [c] - 322 gold - resistance and might Purchase which effect?
You feel yourself speed up.
You feel much better.
The +4 dire flail of holy wrath completely misses you.
You block the +1 short sword of venom's attack.
You block the +4 dire flail of holy wrath's attack.
The +1 short sword of venom misses you.
HP[+21]
You regained 21 hp, and now have 96/115 hp.
The +1 short sword of venom attacks as you move away!
The +1 short sword of venom hits you.
The +4 dire flail of holy wrath closely misses you.
Zenata gestures at you while chanting.
A blast of power from the earth and the adjacent constructs strikes you!
HP[-31]
You take 31 damage, and now have 65/115 hp.
MASSIVE DAMAGE!! (PAUSE)
The +1 short sword of venom closely misses you.
The +2 hand axe of electrocution completely misses the plant.
Zenata points at you and mumbles some strange words.
A blast of power from the earth and the +4 dire flail of holy wrath strikes you!
* * * LOW HITPOINT WARNING * * *
The +4 dire flail of holy wrath misses you.
HP[-28]
You take 28 damage, and now have 37/115 hp.
MASSIVE DAMAGE!! (PAUSE)
You block the +1 short sword of venom's attack.
HP[+1] [a] - 616 gold - heal wounds, berserk rage, brilliance and magic [b] - 250 gold - haste [c] - 504 gold - heal wounds, curing, berserk rage, might and brilliance Purchase which effect? [a] - 616 gold - heal wounds, berserk rage, brilliance and magic [b] - 250 gold - haste [c] - 504 gold - heal wounds, curing, berserk rage, might and brilliance Purchase which effect? [a] - 616 gold - heal wounds, berserk rage, brilliance and magic [b] - 250 gold - haste [c] - 504 gold - heal wounds, curing, berserk rage, might and brilliance Purchase which effect?
You feel as though your hastened speed will last longer.
The +1 short sword of venom barely misses you.
The +4 dire flail of holy wrath completely misses you.
The +1 short sword of venom completely misses you.
The +2 hand axe of electrocution attacks as you move away!
The +2 hand axe of electrocution closely misses you.
The +4 dire flail of holy wrath completely misses you.
The +2 hand axe of electrocution hits you!
* * * LOW HITPOINT WARNING * * *
HP[-7]
You take 7 damage, and now have 31/115 hp.
As you read the scroll of teleportation {@r4}, it crumbles to dust.
You feel strangely unstable.
The +1 short sword of venom closely misses you.
The +4 dire flail of holy wrath barely misses you.
The +2 hand axe of electrocution hits you but does no damage.
You block the +1 short sword of venom's attack.
The +0 glaive of flaming misses you.
HP[+1] Shoot: f) +5 arbalest "Dyshel" {vorpal, rElec Dex+2, crossbow}
Press: ? - help, Q - select action, (/) - cycle Shift-Dir - straight line, f - +2 hand axe of electrocution, p - Zenata
Aim: a +2 hand axe of electrocution (summoned, fast, 65% to hit)
You shoot a bolt.
The bolt misses the +2 hand axe of electrocution.
The +4 dire flail of holy wrath hits you.
* * * LOW HITPOINT WARNING * * *
The +2 hand axe of electrocution completely misses you.
The +1 short sword of venom hits you!
* * * LOW HITPOINT WARNING * * *
The +4 dire flail of holy wrath completely misses you.
The +0 glaive of flaming completely misses you.
The +1 short sword of venom hits you.
* * * LOW HITPOINT WARNING * * *
You are poisoned.
The +2 hand axe of electrocution completely misses you.
HP[-19]
You take 19 damage, and now have 13/115 hp.
The +2 hand axe of electrocution attacks as you move away!
The +2 hand axe of electrocution barely misses you.
You feel sick.
Zenata gestures, and weapons take to the air!
The +1 short sword of venom completely misses you.
You block the +4 dire flail of holy wrath's attack.
HP[-1]
You take 1 damage, and now have 12/115 hp.
You feel better.
The +2 hand axe of electrocution closely misses you.
The +0 glaive of flaming hits you from afar!!
You die...
Your body crumbles into a pile of gold.

Skill      XL: |  1  2  3  4  5  6  7  8  9 10 11 12 13 14 15 16 17 |
---------------+----------------------------------------------------+-----
Crossbows      | 5 6 7 8 9 10 12 15 16 | 16.0
Fighting       | 8 11 13 15 16 | 16.0
Dodging        | 10 14 15 | 15.1
Evocations     | 2 7 10 13 15 | 15.0
Armour         | 7 10 | 10.0
Stealth        | |  1.0

Action                   |  1- 3 |  4- 6 |  7- 9 | 10-12 | 13-15 | 16-18 || total
-------------------------+-------+-------+-------+-------+-------+-------++-------
Melee: Arbalest          |       |       |       |       |       |     3 ||     3
       Peck              |       |       |       |       |       |     3 ||     3
       Kick              |       |       |       |       |       |     1 ||     1
 Fire: Hand crossbow     |    59 |   137 |       |       |       |       ||   196
       Arbalest          |       |       |   254 |   516 |   968 |   455 ||  2193
Invok: Potion Petition   |       |       |       |     1 |       |     2 ||     3
       Call Merchant     |       |       |       |       |     2 |       ||     2
Evoke: Wand              |       |       |       |       |       |     4 ||     4
       Phial of floods   |       |       |       |       |       |     1 ||     1
       Condenser vane    |       |       |       |       |       |     1 ||     1
  Use: Scroll            |     3 |     1 |     6 |     6 |    12 |     9 ||    37
       Potion            |       |       |       |       |     2 |     5 ||     7
Armor: Leather armour    |     1 |     9 |    17 |    24 |     4 |       ||    55
       Robe              |       |       |       |       |    23 |    11 ||    34
Dodge: Dodged            |    13 |    35 |    33 |   151 |   268 |   286 ||   786
Block: Other             |       |       |       |    22 |    67 |    41 ||   130
       Reflection        |       |       |       |     1 |     5 |     8 ||    14

Levels and vault maps discovered:
D:1:      kilobyte_arrival_exit_the_forest, layout_loops_ring, serial_shops,
          nicolae_shop_statue_plus, shop, nicolae_shop_advertising_works
          [nicolae_subvault_shop_adworks], shop_fountains, nrook_mini_vaults
D:2:      layout_basic, serial_shops, shop, basic_altar,
          nicolae_concentric_dashed_squares_wild
D:3:      layout_basic, hellmonk_ecumenical_altar_blasted,
          gammafunk_ghost_nasty_kobolds, kennysheep_crisscross, chequers_jeans
D:4:      layout_basic, makhleb_heckhound_becter, pf_guarded_unrand_woodcutter
D:5:      layout_basic, mainiacjoe_overflow_six_doors_small,
          nicolae_wu_jian_immortal_techniques,
          mainiacjoe_overflow_surrounded_room, gup_sewer_entry_pipe,
          serial_shops, nicolae_shop_hallway_plus, minmay_pentangle,
          uniq_crazy_yiuf_cottage
D:6:      layout_rooms, nicolae_ru_sacrificial_ziggurat,
          minmay_temple_entry_fiery, ebering_ghost_sewer_f, grunt_ministairs_10
D:7:      layout_loops_ring, nicolae_overflow_hidden_temple, enter_bailey_3,
          uniq_prince_ribbit1
D:8:      layout_basic, amcnicky_altar_gilded, small_statue_intersection,
          uniq_grum
D:9:      layout_stronghold, okawaru_ov_weapons_minmay, uniq_maggie
D:10:     layout_loops_ring, evilmike_ruin_ashenzari, fedhas_altar_2,
          orc_0_dummy, special_room [special_room_orc], serial_shops,
          nicolae_stop_n_shop_2, minmay_alternating_orb
D:11:     layout_loops_cross, erik_lair_island, portal_ice_cave_rime,
          minmay_curled_crystal, nicolae_good_shop, uniq_psyche
D:12:     layout_cave_pods, gammafunk_ghost_spectres, minmay_stone_trees_small
Lair:1:   layout_regular_city, grunt_megastairs_1, lemuel_fruit_fields,
          lemuel_fruit_tree, serial_bayou_shore_b
Lair:2:   layout_hall_layers, st_stairs_5, chequers_serial_rivers_small_b,
          minmay_lair_oklob_items, grunt_megastairs_4, uniq_gastronok
Lair:3:   layout_roguey, elwin_shoals_entry_rooms, gauntlet_entry_generic
Lair:4:   layout_hall_layers, nicolae_spider_entry_tight_spaces
Lair:5:   layout_gridlike, slime_altar_1, nzn_ghost_randoct
Shoals:1: layout_shoals, hangedman_feature_mirror,
          nicolae_shoals_hidden_pirate_stash
Shoals:2: layout_shoals, nicolae_shoals_beach_house_on_fowls_legs
Shoals:3: cheibrodos_shoals_oceanic_diplomacy, layout_shoals,
          nicolae_shoals_shepherds, uniq_ilsuiw, uniq_aizul
Shoals:4: shoals_end_simple, layout_shoals, gammafunk_ghost_berserking_beasts
Orc:1:    layout_caves, serial_shops, nicolae_shop_hallway_stairs
Orc:2:    kennysheep_orc_mage_school, layout_caves
Elf:1:    eino_elf_arrival_sip, layout_geoelf_octagon, serial_shops, shop,
          minmay_elf_crystal_hexagon, uniq_zenata

Notes
Turn   | Place    | Note
-------+----------+-------------------------------------------
     0 | D:1      | zeratav the Tengu Hunter began the quest for the Orb.
     0 | D:1      | Reached XP level 1. HP: 12/12 MP: 2/2
     0 | D:1      | magus.rc [v1.9.6]
   162 | D:1      | Found Xutira's Antique Weapon Boutique.
   237 | D:1      | Found Hunookki's Distillery.
   251 | D:1      | Found Taxaret's Armour Shoppe.
   334 | D:1      | You pick up a book of Blood and begin reading...
   334 | D:1      | You add the spells Sublimation of Blood, Wereblood and
                  | Summon Hydra to your library.
   351 | D:1      | Found Fonyeneyf's Antique Weapon Boutique.
   355 | D:1      | Reached XP level 2. HP: 17/17 MP: 3/3
   586 | D:1      | Reached skill level 5 in Crossbows
   774 | D:1      | Identified 2 scrolls of acquirement
   774 | D:1      | Acquired the ring "Wiompeokh" {Str+4 Dex+6}
   783 | D:1      | Acquired 478 gold pieces
   833 | D:1      | Bought a pitted arbalest for 237 gold pieces
   833 | D:1      | Identified the +5 arbalest "Dyshel" {vorpal, rElec Dex+2}
                  | (You bought it in a shop on level 1 of the Dungeon)
   888 | D:2      | Found Xeott's Distillery.
   891 | D:2      | Reached XP level 3. HP: 21/21 MP: 4/4
   897 | D:2      | Bought a potion of degeneration for 12 gold pieces
  1001 | D:2      | Found an opulent altar of Gozag.
  1497 | D:2      | Reached skill level 6 in Crossbows
  1702 | D:2      | Reached XP level 4. HP: 26/26 MP: 5/5
  1816 | D:2      | Became a worshipper of Gozag Ym Sagoz the Greedy
  2066 | D:3      | You pick up a book of Weapons and begin reading...
  2066 | D:3      | You add the spells Portal Projectile, Excruciating Wounds
                  | and Blade Hands to your library.
  2083 | D:3      | You fall into a shaft and drop 1 floor!
  2084 | D:4      | Noticed a black bear
  2189 | D:4      | HP: 6/26 [black bear (3)]
  2190 | D:4      | Killed a black bear
  2191 | D:4      | Reached skill level 7 in Crossbows
  2191 | D:4      | Gained mutation: Your magical nature lets you fly swiftly
                  | and evasively. [Tengu growth]
  2191 | D:4      | Reached XP level 5. HP: 7/30 MP: 6/6
  2852 | D:3      | Found a faded altar of an unknown god.
  3038 | D:3      | Found a runed translucent gate.
  3038 | D:3      | Found a runed translucent gate.
  3038 | D:3      | Found a runed translucent gate.
  3039 | D:3      | Noticed a kobold brigand
  3040 | D:3      | Noticed domi's ghost (amateur DsWz)
  3163 | D:3      | You pick up a book of Displacement and begin reading...
  3163 | D:3      | You add the spells Lesser Beckoning, Gell's Gravitas and
                  | Teleport Other to your library.
  3298 | D:3      | Acquired 1064 gold pieces
  3396 | D:4      | Noticed a phantom
  3403 | D:4      | Killed a phantom
  3404 | D:4      | Reached skill level 8 in Crossbows
  3404 | D:4      | Reached XP level 6. HP: 35/35 MP: 7/7
  3431 | D:4      | Found a burning altar of Makhleb.
  3877 | D:4      | HP: 8/35 [poisoned by a gnoll]
  3882 | D:4      | HP: 4/35 [poisoned by a gnoll]
  3921 | D:4      | Reached skill level 9 in Crossbows
  3921 | D:4      | Reached XP level 7. HP: 8/40 MP: 8/8
  4406 | D:5      | Entered Level 5 of the Dungeon
  4438 | D:5      | Found a snail-covered altar of Cheibriados.
  4479 | D:5      | Reached skill level 10 in Crossbows
  4500 | D:5      | Found a radiant altar of Vehumet.
  4640 | D:5      | You pick up a book of Air and begin reading...
  4640 | D:5      | You add the spells Shock, Swiftness and Airstrike to your
                  | library.
  4642 | D:5      | You add the spells Conjure Flame, Ignite Poison and Sticky
                  | Flame to your library.
  4698 | D:5      | Found a runed translucent door.
  4699 | D:5      | Noticed Crazy Yiuf
  4759 | D:5      | Found a glowing drain.
  4776 | Sewer    | Entered a sewer
  4895 | Sewer    | Reached XP level 8. HP: 44/44 MP: 9/9
  5530 | D:5      | Reached skill level 11 in Crossbows
  5787 | D:5      | Found Asur's Weapon Shoppe.
  6104 | D:5      | Reached skill level 12 in Crossbows
  6192 | D:5      | Found an ornate altar of the Wu Jian Council.
  6369 | D:6      | Found a runed translucent door.
  6377 | D:6      | Noticed Antichthon's ghost (novice GrFi)
  6540 | D:6      | Reached XP level 9. HP: 48/48 MP: 10/10
  6543 | D:6      | Reached skill level 13 in Crossbows
  6547 | D:6      | Found a staircase to the Ecumenical Temple.
  6600 | D:6      | Found a sacrificial altar of Ru.
  6970 | D:6      | Found a runed translucent door.
  7274 | D:6      | Killed Antichthon's ghost
  7275 | D:6      | Reached skill level 14 in Crossbows
  7401 | D:7      | Reached skill level 15 in Crossbows
  7469 | D:7      | Found a flagged portal.
  7482 | Bailey   | Entered a bailey
  7514 | Bailey   | Reached XP level 10. HP: 49/53 MP: 11/11
  7712 | Bailey   | Noticed an orc knight
  7769 | Bailey   | Killed an orc knight
  7770 | Bailey   | Reached skill level 16 in Crossbows
  7770 | Bailey   | Reached skill level 3 in Fighting
  8001 | D:7      | You pick up a book of the Wilderness and begin reading...
  8001 | D:7      | You add the spells Summon Forest, Summon Mana Viper and
                  | Summon Cactus Giant to your library.
  8248 | D:7      | Noticed Prince Ribbit
  8256 | D:7      | Killed Prince Ribbit
  8257 | D:7      | Reached skill level 4 in Fighting
  8304 | D:7      | Found a white marble altar of Elyvilon.
  8432 | D:8      | You pick up a book of Conjurations {@e2} and begin
                  | reading...
  8432 | D:8      | You add the spells Magic Dart, Searing Ray and Fulminant
                  | Prism to your library.
  8596 | D:8      | Noticed Grum
  8601 | D:8      | Killed Grum
  8602 | D:8      | Reached skill level 5 in Fighting
  8692 | D:8      | Noticed a six-headed hydra
  8719 | D:8      | HP: 9/60 [six-headed hydra (7)]
  8728 | D:8      | Killed a six-headed hydra
  8729 | D:8      | Reached skill level 7 in Fighting
  9040 | D:8      | Reached skill level 8 in Fighting
  9040 | D:8      | Reached XP level 11. HP: 66/68 MP: 12/12
  9042 | D:8      | Reached skill level 3 in Dodging
  9048 | D:8      | Reached skill level 4 in Dodging
  9058 | D:8      | Reached skill level 5 in Dodging
  9067 | D:8      | HP: 11/68 [suicidal targeting (9)]
  9544 | D:8      | Found a sparkling altar of Nemelex Xobeh.
  9771 | D:9      | Reached skill level 6 in Dodging
 10022 | D:9      | Found an iron altar of Okawaru.
 10300 | D:9      | Reached skill level 7 in Dodging
 10302 | D:9      | Noticed Maggie
 10313 | D:9      | Killed Maggie
 10774 | D:9      | Reached skill level 8 in Dodging
 11045 | D:10     | Entered Level 10 of the Dungeon
 11045 | D:10     | Found Cadusucu's Magic Scroll Shoppe.
 11048 | D:10     | Bought a scroll of identify for 30 gold pieces
 11048 | D:10     | Bought a scroll of identify for 30 gold pieces
 11048 | D:10     | Bought a scroll of identify for 30 gold pieces
 11157 | D:10     | Found a broken altar of Ashenzari.
 11345 | D:10     | Found a blossoming altar of Fedhas.
 11378 | D:10     | Noticed a two-headed ogre
 11415 | D:10     | Reached skill level 9 in Dodging
 11425 | D:10     | Killed a two-headed ogre
 11513 | D:10     | Reached skill level 10 in Dodging
 11537 | D:10     | Reached skill level 1 in Evocations
 11618 | D:10     | You pick up a book of Frost and begin reading...
 11618 | D:10     | You add the spells Freeze, Frozen Ramparts and Hailstorm to
                  | your library.
 11735 | D:10     | Reached skill level 2 in Evocations
 11745 | D:10     | Reached XP level 12. HP: 55/75 MP: 13/13
 11763 | D:10     | Reached skill level 3 in Evocations
 11916 | D:10     | Found a staircase to the Orcish Mines.
 12185 | D:10     | Acquired 697 gold pieces
 12238 | D:11     | Reached skill level 9 in Fighting
 12266 | D:11     | Found Zusiz's Hallowed Reliquary.
 12267 | D:11     | Noticed an angel
 12318 | D:11     | Noticed Psyche
 12319 | D:11     | Killed Psyche
 12320 | D:11     | Reached skill level 4 in Evocations
 12468 | D:11     | Found a staircase to the Lair.
 12539 | D:11     | Found a frozen archway.
 12554 | IceCv    | Entered an ice cave
 12566 | IceCv    | Reached skill level 5 in Evocations
 12810 | IceCv    | Reached skill level 10 in Fighting
 12825 | IceCv    | Reached skill level 6 in Evocations
 13027 | IceCv    | Reached skill level 7 in Evocations
 13092 | IceCv    | Noticed a death yak
 13092 | IceCv    | Noticed an ironbound frostheart
 13106 | IceCv    | Killed a death yak
 13109 | IceCv    | Noticed a death yak
 13110 | IceCv    | Killed an ironbound frostheart
 13111 | IceCv    | Reached skill level 11 in Fighting
 13128 | IceCv    | Noticed an ironbound frostheart
 13143 | IceCv    | Killed an ironbound frostheart
 13144 | IceCv    | Reached XP level 13. HP: 78/84 MP: 14/14
 13145 | IceCv    | Reached skill level 8 in Evocations
 13151 | IceCv    | You add the spells Ozocubu's Armour and Ice Form to your
                  | library.
 13151 | IceCv    | Got Nonoa's Collected Works on the Glacier
 13941 | Lair:1   | Entered Level 1 of the Lair of Beasts
 14131 | Lair:1   | Reached skill level 12 in Fighting
 14131 | Lair:1   | Reached skill level 9 in Evocations
 14925 | Lair:2   | Reached skill level 10 in Evocations
 15042 | Lair:2   | Reached skill level 13 in Fighting
 15216 | Lair:2   | Noticed Gastronok
 15222 | Lair:2   | Killed Gastronok
 15412 | Lair:2   | Reached XP level 14. HP: 83/94 MP: 15/15
 15537 | Lair:2   | Reached skill level 11 in Evocations
 15775 | Lair:2   | Identified the +1 cloak "Plog" {Regen+}
 16030 | Lair:3   | Found a staircase to the Shoals.
 16202 | Lair:3   | Found a gate leading to a gauntlet.
 16748 | Lair:4   | Reached skill level 14 in Fighting
 16944 | Lair:4   | Found a hole to the Spider Nest.
 16968 | Lair:4   | Reached skill level 12 in Evocations
 17614 | Lair:5   | Found a viscous altar of Jiyva.
 17614 | Lair:5   | Found a staircase to the Slime Pits.
 17947 | Lair:5   | Noticed Antichthon's ghost (journeyman GrFi)
 17968 | Lair:5   | Found a transporter.
 18288 | Lair:5   | Found a transporter.
 18439 | Orc:1    | Entered Level 1 of the Orcish Mines
 18741 | Orc:2    | Entered Level 2 of the Orcish Mines
 18768 | Orc:2    | Reached skill level 15 in Fighting
 18893 | Orc:1    | Found Igonaegue's Antique Armour Shoppe.
 18895 | Orc:1    | Reached skill level 13 in Evocations
 18980 | Orc:1    | Bought a runed leather armour for 140 gold pieces
 19136 | Orc:2    | Noticed an orc warlord
 19167 | Orc:2    | Killed an orc warlord
 19482 | Orc:2    | Reached XP level 15. HP: 103/103 MP: 16/16
 19533 | Orc:2    | Found Eblaceg's Distillery.
 19560 | Orc:2    | Found an ancient bone altar of Kikubaaqudgha.
 19560 | Orc:2    | Noticed Nergalle
 19574 | Orc:2    | Killed Nergalle
 19591 | Orc:2    | Found Ineggo's Antique Weapon Boutique.
 19597 | Orc:2    | Noticed Erolcha
 19606 | Orc:2    | Killed Erolcha
 19632 | Orc:2    | Found a radiant altar of Vehumet.
 19674 | Orc:2    | Found Atrur's Book Shop.
 19753 | Orc:2    | Found Ocwam's Magic Scroll Shop.
 19762 | Orc:2    | Bought a scroll of identify for 28 gold pieces
 19843 | Orc:2    | Found a staircase to the Elven Halls.
 20134 | Shoals:1 | Entered Level 1 of the Shoals
 20144 | Shoals:1 | Found a glowing silver altar of Zin.
 20180 | Shoals:1 | Reached skill level 14 in Evocations
 20206 | Shoals:1 | Reached skill level 16 in Fighting
 20420 | Shoals:1 | Reached skill level 15 in Evocations
 20423 | Shoals:1 | Reached skill level 1 in Armour
 20539 | Shoals:1 | Reached skill level 2 in Armour
 20604 | Shoals:1 | Reached skill level 3 in Armour
 20650 | Shoals:1 | Reached skill level 4 in Armour
 20844 | Shoals:1 | Reached skill level 5 in Armour
 20850 | Shoals:1 | Found an iron altar of Okawaru.
 21271 | Shoals:2 | Reached skill level 6 in Armour
 21441 | Shoals:2 | Noticed a fenstrider witch
 21459 | Shoals:2 | Paralysed by a fenstrider witch for 5 turns
 21467 | Shoals:2 | Killed a fenstrider witch
 21572 | Shoals:2 | Reached skill level 7 in Armour
 21921 | Shoals:2 | You pick up a book of Dreams and begin reading...
 21921 | Shoals:2 | You add the spells Ensorcelled Hibernation, Spider Form and
                  | Anguish to your library.
 21926 | Shoals:2 | You pick up a book of Iron and begin reading...
 21926 | Shoals:2 | You add the spells Animate Armour and Iron Shot to your
                  | library.
 22106 | Shoals:3 | Reached XP level 16. HP: 110/110 MP: 17/17
 22111 | Shoals:3 | Reached skill level 8 in Armour
 22128 | Shoals:3 | You pick up a book of Armaments and begin reading...
 22128 | Shoals:3 | You add the spells Stone Arrow and Lehudib's Crystal Spear
                  | to your library.
 22142 | Shoals:3 | Noticed Ilsuiw
 22243 | Shoals:3 | Reached skill level 9 in Armour
 22415 | Shoals:3 | Reached skill level 10 in Armour
 22685 | Shoals:3 | Reached skill level 11 in Dodging
 22724 | Shoals:3 | Killed Ilsuiw
 22808 | Shoals:3 | Noticed Aizul
 22825 | Shoals:3 | Killed Aizul
 23349 | Shoals:4 | Entered Level 4 of the Shoals
 23372 | Shoals:4 | You pick up a book of Iron and begin reading...
 23394 | Shoals:4 | Found a transporter.
 23397 | Shoals:4 | Noticed Atlas's ghost (adept DgEE)
 23445 | Shoals:4 | Reached skill level 12 in Dodging
 23529 | Shoals:4 | Found a transporter.
 23974 | Shoals:4 | Identified the +5 short sword of the Sky {freeze, rPois
                  | rF++ rCorr Stlth-}
 23980 | Shoals:4 | You pick up a book of Air and begin reading...
 24053 | Shoals:4 | Reached skill level 13 in Dodging
 24112 | Shoals:4 | You pick up a book of Flames and begin reading...
 24112 | Shoals:4 | You add the spells Foxfire, Inner Flame and Flame Wave to
                  | your library.
 24249 | Shoals:4 | HP: 22/110 [merfolk javelineer/silver javelin (20)]
 24268 | Shoals:4 | Reached skill level 14 in Dodging
 24332 | Shoals:4 | Got a barnacled rune of Zot
 24426 | Shoals:4 | Identified the ring of Immorality {rPois Will+ rCorr MP+9
                  | Dex+9}
 24858 | Shoals:1 | Found the +7 captain's cutlass {speed, disarm}
 25159 | Elf:1    | Entered Level 1 of the Elven Halls
 25248 | Elf:1    | Reached XP level 17. HP: 115/115 MP: 18/18
 25297 | Elf:1    | Reached skill level 15 in Dodging
 25419 | Elf:1    | Noticed Zenata
 25459 | Elf:1    | HP: 28/115 [+4 war axe of venom[Zenata] (3)]
 25462 | Elf:1    | HP: 12/115 [+4 war axe of venom[Zenata] (10)]
 25666 | Elf:1    | Found Anunkoso's Assorted Antiques.
 25674 | Elf:1    | Bought a scroll of identify for 60 gold pieces
 25674 | Elf:1    | Bought a scroll of identify for 60 gold pieces
 25695 | Elf:1    | HP: 26/115 [+4 dire flail of holy wrath[Zenata] (6)]
 25696 | Elf:1    | HP: 12/115 [poisoned by a +1 short sword of venom]
 25697 | Elf:1    | Mangled by a +0 glaive of flaming

Vanquished Creatures
  Gastronok (Lair:2)
  Ilsuiw (Shoals:3)
  A fenstrider witch (Shoals:2)
  An orc warlord (Orc:2)
  Aizul (Shoals:3)
  A merfolk impaler (Shoals:3)
  3 merfolk javelineers (Shoals:4)
  7 hydras
  Erolcha (Orc:2)
  A merfolk avatar (Shoals:4)
  2 ironbound frosthearts (IceCv)
  An ogre mage (Orc:2)
  2 two-headed ogres
  4 alligator snapping turtles
  2 merfolk aquamancers (Shoals:1)
  6 death yaks
  A centaur warrior (Shoals:2)
  A catoblepas (Lair:1)
  4 satyrs (Shoals:3)
  A deep elf knight (Elf:1)
  Nergalle (Orc:2)
  9 sea snakes
  A shadow wraith (Shoals:1)
  The ghost of Antichthon the Covered, a novice GrFi (D:6)
  3 orc knights
  A lindwurm (Lair:4)
  14 fauns
  5 deep elf pyromancers (Elf:1)
  30 harpies
  3 cyclopes
  9 orc sorcerers
  An oklob plant (Lair:2)
  15 manticores
  7 deep elf zephyrmancers (Elf:1)
  An ugly thing (IceCv)
  An ice statue (IceCv)
  8 elephants (Lair:4)
  3 water nymphs
  6 black mambas
  13 merfolk sirens
  A gargoyle (D:10)
  A torpor snail (Lair:2)
  13 cane toads
  Maggie (D:9)
  Psyche (D:11)
  8 komodo dragons
  3 unseen horrors (D:10)
  2 rime drakes (D:11)
  26 merfolk
  5 trolls
  A hornet (D:10)
  12 polar bears
  3 wind drakes
  Prince Ribbit (D:7)
  12 snapping turtles
  4 culicivoras (Lair:4)
  A vampire (D:10)
  2 jumping spiders (Lair:4)
  2 air elementals (Elf:1)
  2 shadows
  71 yaks
  A wraith (D:10)
  A fire elemental (Elf:1)
  3 steam dragons
  8 water elementals
  4 wyverns
  Grum (D:8)
  A basilisk (Lair:5)
  A redback (Lair:4)
  3 acid dragons
  3 wargs (Orc:2)
  12 water moccasins
  27 orc warriors
  A sky beast (D:6)
  2 ice beasts
  2 black bears
  14 ogres
  7 centaurs
  24 wolves
  2 phantoms
  5 kobold brigands
  23 bullfrogs
  3 gnoll sergeants
  3 scorpions
  3 earth elementals (Elf:1)
  5 wights (D:7)
  3 killer bees (D:8)
  5 howler monkeys
  2 jellies
  3 electric eels (D:11)
  9 hounds
  10 orc priests
  A gnoll shaman (D:4)
  3 iguanas
  32 orc wizards
  19 gnolls
  15 adders
  3 river rats
  A shadow imp (D:7)
  4 white imps
  An ufetubus (D:5)
  2 worms (D:3)
  3 dart slugs
  73 orcs
  15 ball pythons
  An endoplasm (Sewer)
  10 giant cockroaches
  13 goblins
  6 hobgoblins
  66 kobolds
  10 quokkas
  3 bats (D:2)
  6 frilled lizards
  19 rats
843 creatures vanquished.

Vanquished Creatures (collateral kills)
  2 merfolk javelineers (Shoals:4)
  A sea snake (Shoals:4)
3 creatures vanquished.

Vanquished Creatures (others)
  A merfolk impaler (Shoals:4)
  A dancing weapon (Elf:1)
  A shadow (D:10)
  2 orc wizards (Orc:2)
  13 fungi
  52 plants
70 creatures vanquished.

Grand Total: 916 creatures vanquished

Table legend:
 A = Non-vault XP
 B = Vault XP
 C = Vault XP percentage of total XP
 D = Non-vault monster count
 E = Vault monster count
 F = Vault count percentage of total count
                 A         B        C        D         E       F
            +---------+---------+-------+---------+---------+-------
      Total |  108069 |   79124 |  42.3 |     505 |     343 |  40.4
            +---------+---------+-------+---------+---------+-------
        D:1 |      16 |       0 |   0.0 |      10 |       0 |   0.0
        D:2 |      67 |       0 |   0.0 |      23 |       0 |   0.0
        D:3 |      61 |       0 |   0.0 |      18 |       0 |   0.0
        D:4 |     306 |     327 |  51.7 |      13 |      14 |  51.9
        D:5 |     695 |     359 |  34.1 |      22 |      13 |  37.1
        D:6 |    1079 |     935 |  46.4 |      17 |      12 |  41.4
        D:7 |     929 |     276 |  22.9 |      23 |       5 |  17.9
        D:8 |    4222 |     540 |  11.3 |      30 |       4 |  11.8
        D:9 |    2065 |     404 |  16.4 |      22 |       1 |   4.3
       D:10 |    1839 |    4030 |  68.7 |      12 |      39 |  76.5
       D:11 |    1190 |    1756 |  59.6 |      12 |      10 |  45.5
     Lair:1 |    7038 |    1245 |  15.0 |      30 |       2 |   6.2
     Lair:2 |    8286 |    3513 |  29.8 |      36 |       6 |  14.3
     Lair:3 |    3796 |     641 |  14.4 |      13 |       2 |  13.3
     Lair:4 |    8519 |    1530 |  15.2 |      22 |       7 |  24.1
     Lair:5 |    5439 |       0 |   0.0 |      12 |       0 |   0.0
   Shoals:1 |   24968 |    1973 |   7.3 |      49 |       3 |   5.8
   Shoals:2 |    6963 |    1294 |  15.7 |      14 |       1 |   6.7
   Shoals:3 |   13311 |   12205 |  47.8 |      24 |      21 |  46.7
   Shoals:4 |    3729 |   19359 |  83.8 |       9 |      36 |  80.0
      Orc:1 |    4686 |       0 |   0.0 |      39 |       0 |   0.0
      Orc:2 |    5257 |    7329 |  58.2 |      45 |      31 |  40.8
      Elf:1 |    3608 |    5826 |  61.8 |      10 |      10 |  50.0
      Sewer |       0 |     109 | 100.0 |       0 |      49 | 100.0
     Bailey |       0 |    1361 | 100.0 |       0 |      25 | 100.0
      IceCv |       0 |   14112 | 100.0 |       0 |      52 | 100.0
            +---------+---------+-------+---------+---------+-------

Illustrated notes

Table legend:
 A = Kills in this place as a percentage of kills in entire the game.
 B = Kills by you in this place as a percentage of kills by you in the entire game.
 C = Kills by friends in this place as a percentage of kills by friends in the entire game.
 D = Other kills in this place as a percentage of other kills in the entire game.
 E = Experience gained in this place as a percentage of experience gained in the entire game.
 F = Experience gained in this place divided by the number of levels of this place that you have seen.
                   A       B       C       D       E      F
               +-------+-------+-------+-------+-------+----------------------
         Total | 100.0 | 100.0 | 100.0 | 100.0 | 100.0 | 6933.1
       Dungeon |  35.4 |  35.6 |   0.0 |   0.0 |  11.3 | 1758.0
          Lair |  15.3 |  15.4 |   0.0 |   0.0 |  21.4 | 8001.4
        Shoals |  18.5 |  18.1 | 100.0 |  50.0 |  44.8 | 20950.5
  Orcish Mines |  13.6 |  13.6 |   0.0 |   0.0 |   9.2 | 8636.0
   Elven Halls |   2.4 |   2.3 |   0.0 |  50.0 |   5.0 | 9434.0
         Sewer |   5.8 |   5.8 |   0.0 |   0.0 |   0.1 | 109.0
        Bailey |   2.9 |   3.0 |   0.0 |   0.0 |   0.7 | 1361.0
      Ice Cave |   6.1 |   6.2 |   0.0 |   0.0 |   7.5 | 14112.0
               +-------+-------+-------+-------+-------+----------------------

Table legend: (Time is in decaauts)
 A = Elapsed time spent in this place.
 B = Non-inter-level travel time spent in this place.
 C = Inter-level travel time spent in this place.
 D = Time resting spent in this place.
 E = Time spent auto-exploring this place.
 F = Levels seen in this place.
 G = Mean time per level.
                   A        B        C        D        E       F      G
               +--------+--------+--------+--------+--------+-----+--------+
         Total |  24224 |  22649 |   1575 |    894 |  16849 |  27 |  897.2 |
       Dungeon |  11343 |  10698 |    645 |    289 |   8755 |  12 |  945.2 |
          Lair |   4351 |   3984 |    367 |    118 |   3248 |   5 |  870.2 |
        Shoals |   4446 |   4100 |    346 |    277 |   2659 |   4 | 1111.5 |
  Orcish Mines |   1580 |   1365 |    215 |     41 |    799 |   2 |  790.0 |
   Elven Halls |    490 |    490 |      0 |     85 |    226 |   1 |  490.0 |
         Sewer |    606 |    606 |      0 |      0 |    374 |   1 |  606.0 |
        Bailey |    353 |    353 |      0 |      0 |    180 |   1 |  353.0 |
      Ice Cave |   1051 |   1051 |      0 |     83 |    605 |   1 | 1051.0 |
               +--------+--------+--------+--------+--------+-----+--------+

Top non-repeatable levels by time:
     D:4: 1377 daAuts
     D:8: 1261 daAuts
Shoals:4: 1229 daAuts
Shoals:3: 1221 daAuts
     D:5: 1202 daAuts
     D:9: 1191 daAuts
    D:10: 1124 daAuts
  Lair:2: 1060 daAuts
   Orc:2: 1058 daAuts
   IceCv: 1051 daAuts
     D:3: 1042 daAuts
Shoals:1: 1036 daAuts
     D:2: 1012 daAuts
  Lair:1: 975 daAuts
     D:6: 967 daAuts
